AoeStats
← Chiripa605

Nomad

508200677Analyzed
3v3 RM · 11d ago on Sep 21, 2026· 14m 26s· 6 players
Game mode
Random Map
Map size
210×210
Population
200
Speed
Normal
Resources
Standard
Victory
Conquest
Starting age
Dark Age
Ending age
Imperial Age
RankedLock teamsTeams togetherTeam positionsShared explorationLock speedFull tech treeHidden civsTurbo modeCheats
Victory
Defeat
🇦🇺 Spanish · Australia
1487
+10
🇦🇺 Persians · Australia
1474
+11
🇦🇺 Vietnamese · Australia
1417
+13
🇭🇰 Wu · Hong Kong SAR China
1380
-12
🇺🇸 Poles · United States
1367
-12
🇧🇪 Aztecs · Belgium
1310
-10
Chiripa605
4:46 Loom
15:15 Feudal Age
What's your ETA?
8:12 Loom
15:19 Feudal Age
Chiki_Chiki_BANGBANG
14:34 Feudal Age
Dissident Aggressor
6:32 Loom
13:29 Feudal Age
14:07 Horse Collar
Ignoramus_the_Ignorant
7:31 Loom
13:20 Feudal Age
Guesty
4:45 Loom
12:56 Feudal Age
13:24 Double-Bit Axe
Connection lost

Rejoining the realm…

Still unreachable

The connection could not be restored.

Session expired

The server has moved on; the page needs a fresh start.